| TOP OF THE 1ST |
|
Tampa Pirates batting - Pitching for Pompano Beach Stingrays : LHP Mark Vaji
|
|
Pitching: LHP Mark Vaji
|
|
|
Batting: SHB Craig Smajstrla
|
0-0: Ball 1-0: Ball 2-0: Ball 3-0: Called Strike 3-1: Called Strike 3-2: Ground out 6-3 (Groundball, 6, EV 85.0 MPH)
|
|
Batting: RHB Erwin Bryant
|
0-0: Ball 1-0: SINGLE (Groundball, 4MD, EV 96.3 MPH)
|
|
Batting: LHB Pedro Nunez
|
0-0: Ball Erwin Bryant is caught stealing 2nd base 2-6 1-0: Ball 2-0: Called Strike 2-1: Foul Ball, location: 2F 2-2: Ground out U3 (Groundball, 3, EV 85.6 MPH)
|
| Top of the 1st over - 0 runs, 1 hit, 0 errors, 0 left on base; Tampa 0 - Pompano Beach 0 |
| BOTTOM OF THE 1ST |
|
Pompano Beach Stingrays batting - Pitching for Tampa Pirates : RHP Derek Botelho
|
|
Pitching: RHP Derek Botelho
|
|
|
Batting: RHB Jorge Villalobos
|
0-0: Ball 1-0: Called Strike 1-1: Called Strike 1-2: Ball 2-2: Foul Ball, location: 2F 2-2: Ball 3-2: Base on Balls
|
|
Batting: SHB Gene Roof
|
0-0: Ball 1-0: Foul Ball, location: 2F 1-1: Ball 2-1: Fly out, F8 (Flyball, 8RD, EV 83.8 MPH)
|
|
Batting: RHB Lance Junker
|
0-0: Ball 1-0: Ball 2-0: Called Strike 2-1: Ball 3-1: Swinging Strike 3-2: Strikes out swinging
|
|
Batting: RHB Mark Strucher
|
0-0: Ball 1-0: Fly out, F8 (Flyball, 8LM, EV 88.1 MPH)
|
| Bottom of the 1st over - 0 runs, 0 hits, 0 errors, 1 left on base; Tampa 0 - Pompano Beach 0 |
| TOP OF THE 2ND |
|
Tampa Pirates batting - Pitching for Pompano Beach Stingrays : LHP Mark Vaji
|
|
Batting: RHB Gregory Norman
|
0-0: Ball 1-0: Swinging Strike 1-1: Called Strike 1-2: Ball 2-2: Ball 3-2: Strikes out swinging
|
|
Batting: LHB David Frederick
|
0-0: Called Strike 0-1: Swinging Strike 0-2: Ground out 1-3 (Groundball, 13, EV 66.3 MPH)
|
|
Batting: RHB Jason Porter
|
0-0: Ball 1-0: Called Strike 1-1: Fly out, F8 (Flyball, 8LM, EV 89.4 MPH)
|
| Top of the 2nd over - 0 runs, 0 hits, 0 errors, 0 left on base; Tampa 0 - Pompano Beach 0 |
| BOTTOM OF THE 2ND |
|
Pompano Beach Stingrays batting - Pitching for Tampa Pirates : RHP Derek Botelho
|
|
Batting: SHB Juan Molina
|
0-0: Ball 1-0: Called Strike 1-1: Ground out 1-3 (Groundball, 15S, EV 68.1 MPH)
|
|
Batting: LHB Steve Phillips
|
0-0: Ball 1-0: Called Strike 1-1: Foul Ball, location: 2F 1-2: Ball 2-2: Ball 3-2: Base on Balls
|
|
Batting: SHB Maury Ornest
|
0-0: Ball 1-0: Ball 2-0: SINGLE (Groundball, 5D, EV 103.1 MPH) Steve Phillips to second
|
|
Batting: RHB William Waag
|
0-0: Fielders Choice at 2nd, 6-4 (Groundball, 6, EV 86.9 MPH) Steve Phillips to third
|
|
Batting: RHB Whitney Harry
|
0-0: Ball 1-0: Ball 2-0: Ball 3-0: Called Strike 3-1: Base on Balls William Waag to second
|
|
Batting: RHB Jorge Villalobos
|
0-0: Ground out 5-3 (Groundball, 56, EV 85.6 MPH)
|
| Bottom of the 2nd over - 0 runs, 1 hit, 0 errors, 3 left on base; Tampa 0 - Pompano Beach 0 |
| TOP OF THE 3RD |
|
Tampa Pirates batting - Pitching for Pompano Beach Stingrays : LHP Mark Vaji
|
|
Batting: RHB Dale Eiler
|
0-0: Ball 1-0: Ball 2-0: Ball 3-0: Base on Balls
|
|
Batting: RHB Steven Young
|
0-0: Ball 1-0: Called Strike 1-1: Ball 2-1: Foul Ball, location: 2F 2-2: Foul Ball, location: 2F 2-2: Ball 3-2: Foul Ball, location: 2F 3-2: Foul Ball, location: 2F 3-2: SINGLE (Line Drive, 6M, EV 105.0 MPH) Dale Eiler to second
|
|
Batting: RHB Roy Dixon
|
0-0: Swinging Strike 0-1: Swinging Strike 0-2: Ball 1-2: Foul Ball, location: 2F 1-2: Strikes out looking
|
|
Batting: SHB Craig Smajstrla
|
0-0: Foul Ball, location: 2F 0-1: Ball 1-1: Ball 2-1: Ball 3-1: Foul Ball, location: 2F 3-2: Fly out, F7 (Line Drive, 7, EV 86.9 MPH)
|
|
Batting: RHB Erwin Bryant
|
0-0: Ball 1-0: Ball 2-0: Ball 3-0: Called Strike 3-1: Foul Ball, location: 2F 3-2: Base on Balls Dale Eiler to third Steven Young to second
|
|
Batting: LHB Pedro Nunez
|
0-0: Ball 1-0: Ball 2-0: Called Strike 2-1: Foul Ball, location: 2F 2-2: Ball 3-2: Base on Balls Dale Eiler scores Steven Young to third Erwin Bryant to second
|
|
Batting: RHB Gregory Norman
|
0-0: Called Strike 0-1: Ball 1-1: Called Strike 1-2: Fielders Choice at 2nd, 6-4 (Groundball, 6, EV 105.0 MPH)
|
| Top of the 3rd over - 1 run, 1 hit, 0 errors, 3 left on base; Tampa 1 - Pompano Beach 0 |
| BOTTOM OF THE 3RD |
|
Pompano Beach Stingrays batting - Pitching for Tampa Pirates : RHP Derek Botelho
|
|
Batting: SHB Gene Roof
|
0-0: Ball 1-0: Foul Ball, location: 2F 1-1: Fly out, F6 (Popup, 6S, EV 78.1 MPH)
|
|
Batting: RHB Lance Junker
|
0-0: Swinging Strike 0-1: Ball 1-1: Foul Ball, location: 2F 1-2: Strikes out swinging
|
|
Batting: RHB Mark Strucher
|
0-0: Swinging Strike 0-1: Ball 1-1: Foul Ball, location: 2F 1-2: Fly out, F6 (Flyball, 6D, EV 74.4 MPH)
|
| Bottom of the 3rd over - 0 runs, 0 hits, 0 errors, 0 left on base; Tampa 1 - Pompano Beach 0 |
| TOP OF THE 4TH |
|
Tampa Pirates batting - Pitching for Pompano Beach Stingrays : LHP Mark Vaji
|
|
Batting: LHB David Frederick
|
0-0: Fly out, F8 (Flyball, 8LM, EV 81.9 MPH)
|
|
Batting: RHB Jason Porter
|
0-0: Ground out 4-3 (Groundball, 4, EV 76.3 MPH)
|
|
Batting: RHB Dale Eiler
|
0-0: Called Strike 0-1: Swinging Strike 0-2: Ball 1-2: Ball 2-2: Ball 3-2: Strikes out swinging
|
| Top of the 4th over - 0 runs, 0 hits, 0 errors, 0 left on base; Tampa 1 - Pompano Beach 0 |
| BOTTOM OF THE 4TH |
|
Pompano Beach Stingrays batting - Pitching for Tampa Pirates : RHP Derek Botelho
|
|
Batting: SHB Juan Molina
|
0-0: Called Strike 0-1: Ball 1-1: Foul Ball, location: 2F 1-2: Foul Ball, location: 2F 1-2: Ball 2-2: Strikes out swinging
|
|
Batting: LHB Steve Phillips
|
0-0: Ball 1-0: Foul Ball, location: 2F 1-1: DOUBLE (Groundball, 3L, EV 112.5 MPH)
|
|
Batting: SHB Maury Ornest
|
0-0: Swinging Strike 0-1: Swinging Strike 0-2: Ball 1-2: Foul Ball, location: 2F 1-2: Ball 2-2: SINGLE (Flyball, 6D, EV 88.1 MPH) Steve Phillips to third
|
|
Batting: RHB William Waag
|
0-0: Ball 1-0: Called Strike 1-1: Ball 2-1: Foul Ball, location: 2F 2-2: Fly out, F8 (Flyball, 78D, EV 100.6 MPH) Runner from 3rd tags up, SCORES, throw by CF
|
|
Batting: RHB Whitney Harry
|
0-0: Foul Ball, location: 2F 0-1: Ball 1-1: Ball 2-1: Fly out, F7 (Flyball, 78S, EV 90.0 MPH)
|
| Bottom of the 4th over - 1 run, 2 hits, 0 errors, 1 left on base; Tampa 1 - Pompano Beach 1 |
| TOP OF THE 5TH |
|
Tampa Pirates batting - Pitching for Pompano Beach Stingrays : LHP Mark Vaji
|
|
Batting: RHB Steven Young
|
0-0: Called Strike 0-1: Ball 1-1: Swinging Strike 1-2: Ball 2-2: Foul Ball, location: 2F 2-2: Foul Ball, location: 2F 2-2: Foul Ball, location: 2F 2-2: Foul Ball, location: 2F 2-2: Ball 3-2: Base on Balls
|
|
Batting: RHB Roy Dixon
|
0-0: Bunt missed! 0-1: Sac Bunt to 25 - play at first, batter OUT! 5-4 Steven Young to second
|
|
Batting: SHB Craig Smajstrla
|
0-0: Fly out, F8 (Flyball, 8RD, EV 80.0 MPH)
|
|
Batting: RHB Erwin Bryant
|
0-0: SINGLE (Groundball, 6S, EV 64.4 MPH) (infield hit) Steven Young to third
|
|
Batting: LHB Pedro Nunez
|
0-0: Ball 1-0: Ball 2-0: Foul Ball, location: 2F 2-1: Ball 3-1: Called Strike 3-2: Strikes out looking
|
| Top of the 5th over - 0 runs, 1 hit, 0 errors, 2 left on base; Tampa 1 - Pompano Beach 1 |
| BOTTOM OF THE 5TH |
|
Pompano Beach Stingrays batting - Pitching for Tampa Pirates : RHP Derek Botelho
|
|
Batting: RHB Jorge Villalobos
|
0-0: Swinging Strike 0-1: Ball 1-1: Foul Ball, location: 2F 1-2: Hit by Pitch
|
|
Batting: SHB Gene Roof
|
0-0: Bunt missed! 0-1: Bunted foul 0-2: Foul Ball, location: 2F 0-2: Ball 1-2: Grounds into double play, 4-6-3 (Groundball, 4, EV 100.6 MPH)
|
|
Batting: RHB Lance Junker
|
0-0: Ball 1-0: Called Strike 1-1: DOUBLE (Line Drive, 9LD, EV 103.8 MPH)
|
|
Batting: RHB Mark Strucher
|
0-0: Ball 1-0: Ground out 4-3 (Groundball, 13, EV 94.4 MPH)
|
| Bottom of the 5th over - 0 runs, 1 hit, 0 errors, 1 left on base; Tampa 1 - Pompano Beach 1 |
| TOP OF THE 6TH |
|
Tampa Pirates batting - Pitching for Pompano Beach Stingrays : LHP Mark Vaji
|
|
Batting: RHB Gregory Norman
|
0-0: Ball 1-0: Foul Ball, location: 2F 1-1: Ball 2-1: Ball 3-1: Base on Balls
|
|
Batting: LHB David Frederick
|
0-0: Ball 1-0: Called Strike 1-1: Ball 2-1: Ball 3-1: Called Strike 3-2: Strikes out swinging
|
|
Batting: RHB Jason Porter
|
0-0: Grounds out, U3 (Groundball, 3L, EV 86.3 MPH)
|
|
Batting: RHB Dale Eiler
|
0-0: Ball 1-0: Called Strike 1-1: Called Strike 1-2: Foul Ball, location: 2F 1-2: Ball 2-2: Foul Ball, location: 2F 2-2: Ball 3-2: Foul Ball, location: 2F 3-2: Base on Balls
|
|
Batting: RHB Steven Young
|
0-0: Called Strike 0-1: Ball 1-1: Ball 2-1: Swinging Strike 2-2: Foul Ball, location: 2F 2-2: Ball 3-2: Base on Balls Gregory Norman to third Dale Eiler to second
|
|
Batting: RHB Roy Dixon
|
0-0: Foul Ball, location: 2F 0-1: Ball 1-1: Foul Ball, location: 2F 1-2: Strikes out swinging
|
| Top of the 6th over - 0 runs, 0 hits, 0 errors, 3 left on base; Tampa 1 - Pompano Beach 1 |
| BOTTOM OF THE 6TH |
|
Pompano Beach Stingrays batting - Pitching for Tampa Pirates : RHP Derek Botelho
|
|
Batting: SHB Juan Molina
|
0-0: Ball 1-0: Ball 2-0: Called Strike 2-1: Fly out, F7 (Flyball, 7D, EV 101.9 MPH)
|
|
Batting: LHB Steve Phillips
|
0-0: Ball 1-0: SINGLE (Line Drive, 89S, EV 91.9 MPH)
|
|
Batting: SHB Maury Ornest
|
0-0: Ball 1-0: Called Strike 1-1: Fly out, F8 (Flyball, 8LXD, EV 96.3 MPH)
|
|
Batting: RHB William Waag
|
0-0: Fielders Choice at 2nd, 5-4 (Groundball, 5, EV 88.8 MPH)
|
| Bottom of the 6th over - 0 runs, 1 hit, 0 errors, 1 left on base; Tampa 1 - Pompano Beach 1 |
| TOP OF THE 7TH |
|
Tampa Pirates batting - Pitching for Pompano Beach Stingrays : LHP Mark Vaji
|
|
Batting: SHB Craig Smajstrla
|
0-0: Ball 1-0: Ball 2-0: Ball 3-0: Called Strike 3-1: Foul Ball, location: 2F 3-2: SINGLE (Line Drive, 34D, EV 95.0 MPH)
|
|
Batting: RHB Erwin Bryant
|
0-0: Bunt missed! 0-1: Ball 1-1: Bunted foul 1-2: Ball 2-2: Ball 3-2: Fly out, F7 (Flyball, 7S, EV 81.3 MPH)
|
|
Batting: LHB Pedro Nunez
|
0-0: Called Strike 0-1: Ball 1-1: SINGLE (Flyball, 4MD, EV 80.6 MPH) Craig Smajstrla to second
|
|
Batting: RHB Gregory Norman
|
0-0: Ball 1-0: Called Strike 1-1: Ball 2-1: Foul Ball, location: 2F 2-2: Foul Ball, location: 2F 2-2: SINGLE (Flyball, 3D, EV 87.5 MPH) Craig Smajstrla to third Pedro Nunez to second
|
|
Batting: LHB David Frederick
|
0-0: Ball 1-0: Ball 2-0: Ball 3-0: Called Strike 3-1: Foul Ball, location: 2F 3-2: Base on Balls Craig Smajstrla scores Pedro Nunez to third Gregory Norman to second
|
|
Pitching: RHP Ricky Acevedo
|
|
|
Batting: RHB Jason Porter
|
0-0: Swinging Strike 0-1: Ball 1-1: Swinging Strike 1-2: Ball 2-2: Foul Ball, location: 2F 2-2: Strikes out swinging
|
|
Batting: RHB Dale Eiler
|
0-0: Ball 1-0: Ball 2-0: Ground out 4-3 (Groundball, 4, EV 90.0 MPH)
|
| Top of the 7th over - 1 run, 3 hits, 0 errors, 3 left on base; Tampa 2 - Pompano Beach 1 |
| BOTTOM OF THE 7TH |
|
Pompano Beach Stingrays batting - Pitching for Tampa Pirates : RHP Derek Botelho
|
|
Batting: RHB Whitney Harry
|
0-0: Foul Ball, location: 2F 0-1: Foul Ball, location: 2F 0-2: Ball 1-2: Ground out 4-3 (Groundball, 4, EV 88.8 MPH)
|
|
Batting: RHB Jorge Villalobos
|
0-0: Ball 1-0: Ball 2-0: Called Strike 2-1: Ball 3-1: Base on Balls
|
|
Batting: SHB Gene Roof
|
0-0: Ball 1-0: Swinging Strike 1-1: Ball 2-1: Fly out, F9 (Flyball, 89M, EV 86.3 MPH)
|
|
Pinch Hitting: SHB Tom Barrett
|
0-0: Ball 1-0: Swinging Strike 1-1: Fly out, F8 (Flyball, 89XD, EV 91.9 MPH)
|
| Bottom of the 7th over - 0 runs, 0 hits, 0 errors, 1 left on base; Tampa 2 - Pompano Beach 1 |
| TOP OF THE 8TH |
|
Tampa Pirates batting - Pitching for Pompano Beach Stingrays : RHP Ricky Acevedo
|
|
Now in LF: Craig Johnson
|
|
|
Batting: RHB Steven Young
|
0-0: Ball 1-0: Foul Ball, location: 2F 1-1: Ground out 5-3 (Groundball, 56S, EV 73.1 MPH)
|
|
Batting: RHB Roy Dixon
|
0-0: Foul Ball, location: 2F 0-1: Called Strike 0-2: Ball 1-2: Strikes out swinging
|
|
Batting: SHB Craig Smajstrla
|
0-0: Ball 1-0: Swinging Strike 1-1: Swinging Strike 1-2: Ball 2-2: Fly out, F9 (Flyball, 9, EV 86.3 MPH)
|
| Top of the 8th over - 0 runs, 0 hits, 0 errors, 0 left on base; Tampa 2 - Pompano Beach 1 |
| BOTTOM OF THE 8TH |
|
Pompano Beach Stingrays batting - Pitching for Tampa Pirates : RHP Derek Botelho
|
|
Batting: RHB Mark Strucher
|
0-0: Ball 1-0: Ball 2-0: DOUBLE (Flyball, 78XD, EV 98.8 MPH)
|
|
Batting: SHB Juan Molina
|
0-0: Called Strike 0-1: Ball 1-1: Ball 2-1: Foul Ball, location: 2F 2-2: Ground out 6-3 (Groundball, 6MD, EV 81.3 MPH) Mark Strucher to third
|
|
Batting: LHB Steve Phillips
|
0-0: Ball 1-0: SINGLE (Groundball, 34, EV 97.5 MPH) Mark Strucher scores
|
|
Pitching: RHP Brian McCaslin
|
|
|
Batting: SHB Maury Ornest
|
0-0: Called Strike 0-1: Fly out, F7 (Flyball, 78S, EV 81.3 MPH)
|
|
Batting: RHB William Waag
|
0-0: Ball 1-0: Foul Ball, location: 2F 1-1: Ground out 4-3 (Groundball, 4, EV 87.5 MPH)
|
| Bottom of the 8th over - 1 run, 2 hits, 0 errors, 1 left on base; Tampa 2 - Pompano Beach 2 |
| TOP OF THE 9TH |
|
Tampa Pirates batting - Pitching for Pompano Beach Stingrays : RHP Ricky Acevedo
|
|
Pitching: RHP Don Kainer
|
|
|
Batting: RHB Erwin Bryant
|
0-0: Ball 1-0: Foul Ball, location: 2F 1-1: Swinging Strike 1-2: Ball 2-2: Foul Ball, location: 2F 2-2: Ball 3-2: Strikes out swinging
|
|
Batting: LHB Pedro Nunez
|
0-0: Ball 1-0: Ball 2-0: DOUBLE (Line Drive, 7LS, EV 105.0 MPH)
|
|
Batting: RHB Gregory Norman
|
0-0: Fly out, F3 (Popup, 3SF, EV 88.1 MPH)
|
|
Batting: LHB David Frederick
|
0-0: Intentional Walk
|
|
Pinch Runner at 2nd Jeffrey Narleski:
|
|
|
Batting: RHB Jason Porter
|
0-0: Ball 1-0: Ball 2-0: Foul Ball, location: 2F 2-1: Called Strike 2-2: Strikes out looking
|
| Top of the 9th over - 0 runs, 1 hit, 0 errors, 2 left on base; Tampa 2 - Pompano Beach 2 |
| BOTTOM OF THE 9TH |
|
Pompano Beach Stingrays batting - Pitching for Tampa Pirates : RHP Brian McCaslin
|
|
Pitching: LHP Christopher Lombardo
|
|
|
Now in RF: Jeffrey Narleski
|
|
|
Batting: RHB Whitney Harry
|
0-0: Called Strike 0-1: Called Strike 0-2: Ball 1-2: Fly out, F8 (Line Drive, 8LM, EV 86.3 MPH)
|
|
Batting: RHB Jorge Villalobos
|
0-0: Called Strike 0-1: Ball 1-1: Fly out, F8 (Line Drive, 8RD, EV 110.6 MPH)
|
|
Batting: SHB Gene Roof
|
0-0: Ball 1-0: SINGLE (Line Drive, 34, EV 99.4 MPH)
|
|
Batting: RHB Craig Johnson
|
0-0: Ball 1-0: Ground out 4-3 (Groundball, 4MS, EV 68.1 MPH)
|
| Bottom of the 9th over - 0 runs, 1 hit, 0 errors, 1 left on base; Tampa 2 - Pompano Beach 2 |
| TOP OF THE 10TH |
|
Tampa Pirates batting - Pitching for Pompano Beach Stingrays : RHP Don Kainer
|
|
Batting: RHB Dale Eiler
|
0-0: Ball 1-0: Called Strike 1-1: Called Strike 1-2: Ball 2-2: Ball 3-2: SINGLE (Line Drive, 6MD, EV 99.4 MPH)
|
|
Batting: RHB Steven Young
|
0-0: Bunt missed! 0-1: Sac Bunt to 13S - play at first, batter safe! Dale Eiler to second
|
|
Pinch Runner at 2nd Charles Rouse:
|
|
|
Batting: RHB Roy Dixon
|
0-0: Grounds into double play, 5-4-3 (Groundball, 56, EV 92.5 MPH) Charles Rouse to third
|
|
Batting: SHB Craig Smajstrla
|
0-0: Intentional Walk
|
|
Batting: RHB Erwin Bryant
|
0-0: Called Strike 0-1: Foul Ball, location: 2F 0-2: Fly out, F3 (Popup, 3SF, EV 83.8 MPH)
|
| Top of the 10th over - 0 runs, 2 hits, 0 errors, 2 left on base; Tampa 2 - Pompano Beach 2 |
| BOTTOM OF THE 10TH |
|
Pompano Beach Stingrays batting - Pitching for Tampa Pirates : LHP Christopher Lombardo
|
|
Batting: RHB Mark Strucher
|
0-0: Ball 1-0: Called Strike 1-1: Swinging Strike 1-2: Fly out, F7 (Flyball, 7D, EV 91.9 MPH)
|
|
Batting: SHB Juan Molina
|
0-0: Ground out 5-3 (Groundball, 56, EV 82.5 MPH)
|
|
Batting: LHB Steve Phillips
|
0-0: DOUBLE (Line Drive, 78D, EV 113.8 MPH)
|
|
Pinch Hitting: RHB Kenneth Feinberg
|
Balk! Steve Phillips to third 0-0: Foul Ball, location: 2F 0-1: Foul Ball, location: 2F 0-2: Strikes out swinging
|
| Bottom of the 10th over - 0 runs, 1 hit, 0 errors, 1 left on base; Tampa 2 - Pompano Beach 2 |
| TOP OF THE 11TH |
|
Tampa Pirates batting - Pitching for Pompano Beach Stingrays : RHP Don Kainer
|
|
Pitching: RHP Mark Jarrett
|
|
|
Now in RF: Kenneth Feinberg
|
|
|
Pinch Hitting: LHB Alfredo Rodriguez
|
0-0: Ground out 4-3 (Groundball, 4, EV 86.3 MPH)
|
|
Batting: RHB Gregory Norman
|
0-0: Ball 1-0: Swinging Strike 1-1: Fly out, F7 (Flyball, 7LM, EV 76.9 MPH)
|
|
Batting: LHB David Frederick
|
0-0: Called Strike 0-1: Ball 1-1: Ground out 6-3 (Groundball, 6, EV 100.0 MPH)
|
| Top of the 11th over - 0 runs, 0 hits, 0 errors, 0 left on base; Tampa 2 - Pompano Beach 2 |
| BOTTOM OF THE 11TH |
|
Pompano Beach Stingrays batting - Pitching for Tampa Pirates : LHP Christopher Lombardo
|
|
Now in RF: James Van Deventer
|
|
|
Batting: RHB William Waag
|
0-0: SINGLE (Groundball, 6S, EV 63.8 MPH) (infield hit)
|
|
Batting: RHB Whitney Harry
|
0-0: SINGLE (Groundball, 56D, EV 98.8 MPH) William Waag to second
|
|
Batting: RHB Jorge Villalobos
|
0-0: Called Strike 0-1: Ball 1-1: Bunt missed! 1-2: Grounds into double play, 6-4-3 (Groundball, 6M, EV 87.5 MPH) William Waag to third
|
|
Batting: SHB Gene Roof
|
0-0: Ball 1-0: Ground out 6-3 (Groundball, 6, EV 101.3 MPH)
|
| Bottom of the 11th over - 0 runs, 2 hits, 0 errors, 1 left on base; Tampa 2 - Pompano Beach 2 |
| TOP OF THE 12TH |
|
Tampa Pirates batting - Pitching for Pompano Beach Stingrays : RHP Mark Jarrett
|
|
Batting: RHB Jason Porter
|
0-0: Called Strike 0-1: Called Strike 0-2: Ball 1-2: Strikes out looking
|
|
Batting: LHB Charles Rouse
|
0-0: Swinging Strike 0-1: Swinging Strike 0-2: Strikes out swinging
|
|
Batting: RHB Steven Young
|
0-0: Fly out, F6 (Line Drive, 6, EV 66.9 MPH)
|
| Top of the 12th over - 0 runs, 0 hits, 0 errors, 0 left on base; Tampa 2 - Pompano Beach 2 |
| BOTTOM OF THE 12TH |
|
Pompano Beach Stingrays batting - Pitching for Tampa Pirates : LHP Christopher Lombardo
|
|
Batting: RHB Craig Johnson
|
0-0: Fly out, F9 (Flyball, 9, EV 85.6 MPH)
|
|
Batting: RHB Mark Strucher
|
0-0: Ball 1-0: Swinging Strike 1-1: Fly out, F8 (Flyball, 89S, EV 87.5 MPH)
|
|
Batting: SHB Juan Molina
|
0-0: Ground out 4-3 (Groundball, 4, EV 107.5 MPH)
|
| Bottom of the 12th over - 0 runs, 0 hits, 0 errors, 0 left on base; Tampa 2 - Pompano Beach 2 |
| TOP OF THE 13TH |
|
Tampa Pirates batting - Pitching for Pompano Beach Stingrays : RHP Mark Jarrett
|
|
Batting: RHB Roy Dixon
|
0-0: Called Strike 0-1: Foul Ball, location: 2F 0-2: Ball 1-2: Strikes out swinging
|
|
Batting: SHB Craig Smajstrla
|
0-0: Called Strike 0-1: Swinging Strike 0-2: Ball 1-2: Ball 2-2: Ball 3-2: SINGLE (Groundball, 4D, EV 109.4 MPH)
|
|
Batting: RHB Erwin Bryant
|
0-0: Ball 1-0: Called Strike 1-1: Sac Bunt to 13S - play at first, batter OUT! 1-4 Craig Smajstrla to second
|
|
Batting: RHB James Van Deventer
|
0-0: Called Strike 0-1: Foul Ball, location: 2F 0-2: Ball 1-2: Ball 2-2: Ground out 4-3 (Groundball, 4, EV 103.8 MPH)
|
| Top of the 13th over - 0 runs, 1 hit, 0 errors, 1 left on base; Tampa 2 - Pompano Beach 2 |
| BOTTOM OF THE 13TH |
|
Pompano Beach Stingrays batting - Pitching for Tampa Pirates : LHP Christopher Lombardo
|
|
Batting: LHB Steve Phillips
|
0-0: Called Strike 0-1: Ball 1-1: Foul Ball, location: 2F 1-2: Ball 2-2: Ball 3-2: Base on Balls
|
|
Batting: RHB Kenneth Feinberg
|
0-0: Ball 1-0: Ball 2-0: Called Strike 2-1: Foul Ball, location: 2F 2-2: Ball 3-2: Foul Ball, location: 2F 3-2: Foul Ball, location: 2F 3-2: Foul Ball, location: 2F 3-2: Foul Ball, location: 2F 3-2: Base on Balls Steve Phillips to second
|
|
Pitching: LHP Mark Riggins
|
|
|
Batting: RHB William Waag
|
0-0: Called Strike 0-1: Ball 1-1: SINGLE (Groundball, 56D, EV 101.3 MPH) Steve Phillips to third Kenneth Feinberg to second Runner from 3rd tries for Home, SAFE, throw by LF to home
|
| Bottom of the 13th over - 1 run, 1 hit, 0 errors, 0 left on base; Tampa 2 - Pompano Beach 3 |
|